 Dungeon Crawl Stone Soup version 0.26-a0-670-g578ab304f5 (webtiles) character file.

Game seed: 6200567779203389879

63681 Conn the Thaumaturge (level 15, 0/84 HPs)
             Began as an Octopode Hedge Wizard on Oct 18, 2020.
             Was a High Priest of Vehumet.
             Slain by Geryon (11 damage)
             ... in the Vestibule of Hell on Oct 19, 2020.
             The game lasted 01:58:27 (21746 turns).

Conn the Thaumaturge (Octopode Hedge Wizard)       Turns: 21746, Time: 01:58:27

Health: 0/84       AC:  9    Str: 11    XL:     15   Next: 10%
Magic:  24/32      EV: 18    Int: 22    God:    Vehumet [*****.]
Gold:   1052       SH:  0    Dex: 11    Spells: 2/40 levels left

rFire    . . .     SeeInvis +   a - +6 quick blade of Impermanence {vorpal, *Contam rElec rPois rN++ SInv}
rCold    . . .     Faith    .   (no shield)
rNeg     + + .     Spirit   .   y - +2 hat
rPois    +         Reflect  .   L - amulet of regeneration
rElec    +         Harm     .   h - ring of resist corrosion
rCorr    +         Rampage  .   r - +4 ring of evasion
MR       ++...                  s - ring of flight
Stlth    +++++.....             t - ring of protection from magic
HPRegen  0.64/turn              H - +4 ring of protection
MPRegen  0.23/turn              v - ring of wizardry
                                (no ring)
                                (no ring)

@: lightly drained
A: almost no armour, stealthy swim, amphibious, 8 rings, constrict 8, iridescent
scales 1, camouflage 1, frail 1, gelatinous body 1
a: Renounce Religion, Evoke Flight


You were in the Vestibule of Hell.
You worshipped Vehumet.
Vehumet was extremely pleased with you.
You visited 5 branches of the dungeon, and saw 21 of its levels.

You collected 1290 gold pieces.
You spent 238 gold pieces at shops.

Inventory:

Hand Weapons
 a - the +6 quick blade of Impermanence (weapon) {vorpal, *Contam rElec rPois rN++ SInv}
   (You acquired it on level 9 of the Dungeon)

   It inflicts extra damage upon your enemies.
   It insulates you from electricity.
   It protects you from poison.
   It greatly protects you from negative energy.
   It lets you see invisible.
   It causes magical contamination when unequipped.
 b - a +2 longbow of flaming
 i - a +0 short sword
 w - a +0 dagger
 C - a +2 flail of protection
 D - a +5 dagger
 E - the +4 hand axe of Impatience {flame, rF+}
   (You found it on level 4 of the Lair of Beasts)

   It has been specially enchanted to burn those struck by it, causing extra
   injury to most foes and up to half again as much damage against particularly
   susceptible opponents.
   Big, fiery blades are also staple armaments of hydra-hunters.
   It protects you from fire.
 K - the +1 war axe of Liammug {flame, rC+ Stlth+}
   (You bought it in a shop on level 8 of the Dungeon)

   It has been specially enchanted to burn those struck by it, causing extra
   injury to most foes and up to half again as much damage against particularly
   susceptible opponents.
   Big, fiery blades are also staple armaments of hydra-hunters.
   It protects you from cold.
   It makes you more stealthy.
Missiles
 g - 50 poisoned darts
 l - 18 curare-tipped darts (quivered)
 A - 58 arrows
Armour
 y - a +2 hat (worn)
 N - a +1 buckler
Jewellery
 f - an uncursed amulet of guardian spirit
 h - a ring of resist corrosion (left tentacle)
 r - a +4 ring of evasion (right tentacle)
 s - a ring of flight (on tentacle)
 t - a ring of protection from magic (on tentacle)
 v - a ring of wizardry (on tentacle)
 H - a +4 ring of protection (on tentacle)
 L - an amulet of regeneration (around mantle)
Wands
 j - a wand of disintegration (27)
 k - a wand of flame (35)
 o - a wand of polymorph (45)
 G - a wand of random effects (18)
 I - a wand of digging (7)
 J - a wand of iceblast (18)
 O - a wand of acid (8)
Scrolls
 c - 22 scrolls of identify
 e - 4 scrolls of teleportation
 n - a scroll of enchant armour
 p - 4 scrolls of enchant weapon
 u - 5 scrolls of remove curse
 F - a scroll of blinking
 M - 2 scrolls of magic mapping
Potions
 d - 3 potions of stabbing
 m - 2 potions of lignification
 q - 5 potions of curing
 x - 3 potions of flight
 z - 5 potions of might
 P - a potion of brilliance {unknown}
 Q - 2 potions of heal wounds


   Skills:
 + Level 5.7(5.6) Fighting
 + Level 8.2(8.0) Short Blades
 + Level 2.2(2.1) Axes
 + Level 1.6(1.5) Throwing
 + Level 4.5(4.3) Dodging
 - Level 10.0(9.8) Stealth
 * Level 13.4(13.2) Spellcasting
 * Level 10.4(10.2) Conjurations
 + Level 3.2(3.1) Summonings
 + Level 3.3(3.2) Translocations
 - Level 3.3(3.2) Transmutations
 * Level 9.2(9.0) Fire Magic
 - Level 5.0(4.8) Air Magic
 + Level 6.8(6.6) Earth Magic
 + Level 5.3(5.1) Poison Magic
 + Level 1.0(0.9) Evocations


You had 2 spell levels left.
You knew the following spells:

 Your Spells              Type           Power        Failure   Level
a - Magic Dart            Conj           ####         1%          1
b - Blink                 Tloc           N/A          1%          2
c - Call Imp              Summ           ####....     1%          2
d - Conjure Flame         Conj/Fire      ######..     1%          3
e - Mephitic Cloud        Conj/Pois/Air  #####...     1%          3
f - Lee's Rapid Deconstr  Erth           #####.....   1%          5
g - Petrify               Tmut/Erth      #####...     2%          4
h - Sticky Flame          Conj/Fire      ######..     1%          4
i - Shock                 Conj/Air       ####         1%          1
j - Lightning Bolt        Conj/Air       #####.....   1%          5
k - Fireball              Conj/Fire      ######....   1%          5
l - Stone Arrow           Conj/Erth      ######       1%          3

Your spell library contained the following spells:

 Spells                   Type           Power        Failure   Level
 Freezing Cloud           Conj/Ice/Air   #####.....   10%         6
 Animate Skeleton         Necr           ##....       1%          1
 Foxfire                  Conj/Fire      ####         1%          1
 Pain                     Necr           ##..         1%          1
 Sandblast                Erth           #####.       1%          1
 Passwall                 Tmut/Erth      #####...     1%          2
 Slow                     Hex            ##......     2%          2
 Gell's Gravitas          Tloc           ####......   1%          3
 Inner Flame              Hex/Fire       ####....     1%          3
 Static Discharge         Conj/Air       #####...     1%          3
 Confusing Touch          Hex            ##......     5%          3
 Vampiric Draining        Necr           ##........   5%          3
 Yara's Violent Unravell  Hex/Tmut       ###.......   7%          5
 Animate Dead             Necr           ##........   17%         4
 Agony                    Necr           ##......     43%         5
 Metabolic Englaciation   Hex/Ice        ##........   43%         5


Dungeon Overview and Level Annotations

Branches:
Dungeon (12/15)            Temple (1/1) D:6            Lair (6/6) D:11
  Swamp (0/4) Lair:4       Spider (0/4) Lair:3        Slime (0/5) Lair:6
    Orc (1/2) D:9            Hell (1/1)
    Dis: Hell:1         Geh: Hell:1         Coc: Hell:1         Tar: Hell:1

Altars:
Ashenzari
Dithmenos
Fedhas
Hepliaklqana
Kikubaaqudgha
Makhleb
Nemelex Xobeh
Okawaru
Qazlal
Sif Muna
Trog
Vehumet
Wu Jian
Xom
Yredelemnul
Zin
Jiyva

Shops:
D:5 [   D:8 (

Portals:
Hell: Lair:6

Annotations:
D:12 3 runed translucent doors, Erolcha, Snorg
Orc:1 Josephine
Hell Geryon


Innate Abilities, Weirdness & Mutations

You cannot wear most types of armour.
You are very stealthy in the water. (Stealth+)
You are amphibious.
You can wear up to eight rings at the same time.
You can use your tentacles to constrict eight enemies at once.
Your skin changes colour to match your surroundings (Stealth+).
Your rubbery body absorbs attacks. (AC +1, EV +1)
You are partially covered in iridescent scales. (AC +2)
You are frail. (-10% HP)


Message History

The hell knight is engulfed in noxious fumes.
The hell knight hits you from afar with a +0 vorpal demon trident!!
The hell knight hits you with a +0 demon trident of draining!
You partially resist.
You feel drained.
The hell knight is engulfed in noxious fumes.
The hell knight hits you from afar with a +4 vorpal demon trident!!
* * * LOW HITPOINT WARNING * * *
x2 Geryon is engulfed in noxious fumes.
Geryon completely misses you.
A sun demon comes into view.
A hell rat comes into view. x2
The hell knight is engulfed in noxious fumes.
Okay, then.
As you read the scroll of fear, it crumbles to dust.
You assume a fearsome visage.
Geryon is unaffected.
The hell knight resists with some effort.
The hell knight looks frightened! x5; The reaper is unaffected.
The hell rat is unaffected. x5; The sun demon is unaffected.
Geryon is engulfed in noxious fumes.
Geryon roars, "Embrace thy failure, thou tasty snack!"
Geryon tail-slaps you from afar!
You die...

#.....# # .....
# ##. ..... .##
##..##..2##..##
#..#.......#..#
.......☼§&.....
r.#r...☼☼§..#.3
#r..r.@p○○..#
..#...☼p§p☼.#..
r.....○ppp.....
#..#^○§....#..#
##..##...##..##
##. ..... .## #
..... # #.....#


You could see Geryon, a reaper, 6 hell knights, a sun demon and 5 hell rats.

Vanquished Creatures
  Rupert (Lair:4)
  2 entropy weavers (Lair:4)
  Nessos (Lair:4)
  10 hydras
  4 boulder beetles
  A centaur warrior (D:12)
  2 catoblepae
  Erica (Lair:2)
  5 two-headed ogres
  A queen ant (Lair:4)
  A death yak (D:11)
  Sonja (Lair:2)
  A sixfirhy (Lair:6)
  An unseen horror (D:11)
  A lindwurm (Lair:6)
  A wizard (Lair:6)
  A cyclops (D:11)
  A manticore (D:11)
  An ugly thing (D:11)
  Maurice (D:9)
  15 elephants
  2 black mambas (Lair:4)
  A smoke demon (Lair:6)
  15 cane toads
  3 orange demons (Lair:6)
  11 komodo dragons
  6 rime drakes
  2 ice devils (Lair:6)
  4 trolls (D:12)
  A red devil (Lair:6)
  A polar bear (Lair:4)
  30 blink frogs
  4 dream sheep (Lair:6)
  3 bog bodies (Lair:4)
  A hornet (D:12)
  Sigmund (D:5)
  A wraith (D:12)
  34 yaks
  Eustachio (D:6)
  5 wyverns
  4 basilisks
  Edmund (D:5)
  7 soldier ants
  12 water moccasins
  4 hell hounds (Lair:6)
  2 orc warriors
  2 ice beasts
  A phantom (D:9)
  A black bear (Lair:2)
  4 sky beasts
  2 necrophages
  29 wolves
  2 ogres
  5 centaurs
  Blork the orc (D:6)
  A big kobold (D:10)
  18 bullfrogs
  A wyvern zombie (D:12)
  A wyvern skeleton (D:11)
  6 scorpions
  5 wights (D:10)
  An electric eel (Lair:4)
  A howler monkey (D:6)
  A bullfrog zombie (D:10)
  5 jellies
  2 orc priests
  Crazy Yiuf (D:5)
  5 bullfrog skeletons
  4 hounds
  A centaur skeleton (D:11)
  5 iguanas
  4 orc wizards
  29 worker ants
  A hound zombie (D:5)
  A howler monkey zombie (D:9)
  9 gnolls
  13 adders
  2 shadow imps
  2 ufetubi
  An ooze (D:2)
  An adder zombie (D:5)
  4 worms
  3 dart slugs
  3 leopard geckos
  20 orcs
  5 bats
  9 giant cockroaches
  2 gnoll zombies (D:5)
  5 goblins
  3 hobgoblins
  6 jackals
  2 quokkas
  4 frilled lizards
  A jackal skeleton (D:4)
  A jackal zombie (D:5)
  7 kobolds
  A leopard gecko skeleton (D:4)
  2 quokka skeletons
  5 rats
460 creatures vanquished.

Vanquished Creatures (collateral kills)
  A soldier ant (Lair:4)
  3 ogres
  An orc wizard (D:5)
  3 worker ants
  2 gnolls (D:3)
  An adder (D:2)
  A worm (D:3)
  An orc (D:4)
  A goblin (D:3)
  A jackal (D:10)
  A quokka (D:3)
  A quokka skeleton (D:4)
17 creatures vanquished.

Vanquished Creatures (others)
  66 fungi
  68 plants
134 creatures vanquished.

Grand Total: 611 creatures vanquished

Notes
Turn   | Place    | Note
-------+----------+-------------------------------------------
     0 | D:1      | Conn the Octopode Hedge Wizard began the quest for the Orb.
     0 | D:1      | Reached XP level 1. HP: 11/11 MP: 4/4
   534 | D:1      | Reached XP level 2. HP: 17/17 MP: 6/6
   733 | D:2      | Found an ornate altar of the Wu Jian Council.
   789 | D:2      | Reached XP level 3. HP: 21/21 MP: 7/7
   929 | D:2      | Found a stormy altar of Qazlal.
  1241 | D:2      | Reached XP level 4. HP: 27/27 MP: 9/9
  1301 | D:2      | Learned a level 2 spell: Blink
  1304 | D:2      | Learned a level 2 spell: Call Imp
  1308 | D:2      | Learned a level 3 spell: Conjure Flame
  1501 | D:2      | Reached skill level 1 in Short Blades
  2319 | D:3      | Reached XP level 5. HP: 31/31 MP: 4/10
  2356 | D:3      | Reached skill level 4 in Spellcasting
  3378 | D:4      | Learned a level 3 spell: Mephitic Cloud
  3392 | D:4      | Found a glowing silver altar of Zin.
  3626 | D:4      | Noticed an ogre
  3635 | D:4      | Killed an ogre
  3635 | D:4      | Reached XP level 6. HP: 36/36 MP: 5/12
  4337 | D:5      | Entered Level 5 of the Dungeon
  4397 | D:5      | Reached skill level 1 in Fire Magic
  4445 | D:5      | Noticed Sigmund
  4995 | D:5      | Reached skill level 5 in Stealth
  5008 | D:5      | Noticed Edmund
  5029 | D:5      | Killed Edmund
  5029 | D:5      | Reached skill level 1 in Air Magic
  5029 | D:5      | Reached XP level 7. HP: 31/42 MP: 4/13
  5484 | D:5      | Found a basalt altar of Yredelemnul.
  5546 | D:5      | Found Piydaac's Antique Armour Emporium.
  5714 | D:5      | HP: 2/42 [ufetubus (3)]
  6065 | D:5      | Killed Sigmund
  6065 | D:5      | Reached skill level 5 in Spellcasting
  6303 | D:5      | Found a runed translucent door.
  6304 | D:5      | Noticed Crazy Yiuf
  6327 | D:5      | Killed Crazy Yiuf
  6678 | D:6      | Reached XP level 8. HP: 47/47 MP: 12/16
  6913 | D:6      | Noticed Eustachio
  6921 | D:6      | Killed Eustachio
  6987 | D:6      | Found a blossoming altar of Fedhas.
  7035 | D:6      | Reached skill level 6 in Spellcasting
  7037 | D:6      | Found an iron altar of Okawaru.
  7296 | D:6      | Noticed Blork the orc
  7302 | D:6      | Killed Blork the orc
  7454 | D:6      | Noticed a shadow
  7455 | D:6      | Found a shadowy altar of Dithmenos.
  7456 | D:6      | Found a hazy altar of Hepliaklqana.
  7601 | D:6      | Found a staircase to the Ecumenical Temple.
  7610 | Temple   | Entered the Ecumenical Temple
  7621 | Temple   | Became a worshipper of Vehumet
  7976 | D:7      | Reached skill level 1 in Poison Magic
  7976 | D:7      | Reached XP level 9. HP: 43/51 MP: 18/18
  8044 | D:7      | Found a sparkling altar of Nemelex Xobeh.
  8266 | D:7      | Found an ancient bone altar of Kikubaaqudgha.
  8795 | D:9      | Noticed a two-headed ogre
  8808 | D:9      | Killed a two-headed ogre
  8808 | D:9      | Reached skill level 1 in Fighting
  8808 | D:9      | Reached skill level 7 in Spellcasting
  9005 | D:8      | Found Gaowupp's Antique Weapon Emporium.
  9283 | D:8      | Bought a warped war axe for 238 gold pieces
  9283 | D:8      | Identified the cursed +1 war axe of Liammug {flame, rC+
                  | Stlth+} (You bought it in a shop on level 8 of the Dungeon)
  9348 | D:8      | Found a blossoming altar of Fedhas.
  9726 | D:9      | Found a staircase to the Orcish Mines.
  9790 | D:9      | Reached skill level 5 in Conjurations
  9819 | D:9      | Noticed Maurice
  9902 | D:9      | Killed Maurice
 10010 | D:9      | Reached skill level 1 in Axes
 10081 | D:9      | Reached XP level 10. HP: 50/59 MP: 17/21
 10456 | D:9      | Found a shimmering blue altar of Sif Muna.
 10696 | Orc:1    | Entered Level 1 of the Orcish Mines
 10742 | Orc:1    | Noticed Josephine
 10800 | D:10     | Entered Level 10 of the Dungeon
 10820 | D:10     | Reached * piety under Vehumet
 10820 | D:10     | Offered knowledge of Sandblast by Vehumet.
 10884 | D:9      | Found a shimmering altar of Xom.
 11214 | D:9      | Identified a scroll of acquirement
 11214 | D:9      | Acquired the +6 quick blade of Impermanence {vorpal,
                  | *Contam rElec rPois rN++ SInv}
 11320 | D:9      | Reached skill level 5 in Short Blades
 11381 | D:10     | Learned a level 1 spell: Sandblast
 11386 | D:10     | Learned a level 4 spell: Petrify
 11431 | D:10     | Learned a level 4 spell: Sticky Flame
 11472 | D:10     | Noticed a two-headed ogre
 11482 | D:10     | Killed a two-headed ogre
 11482 | D:10     | Reached skill level 1 in Transmutations
 11482 | D:10     | Reached skill level 1 in Earth Magic
 11530 | D:10     | Reached ** piety under Vehumet
 11540 | D:10     | Offered knowledge of Shock by Vehumet.
 11543 | D:10     | Learned a level 1 spell: Shock
 11911 | D:11     | Found a staircase to the Lair.
 11911 | D:11     | Noticed an elephant
 11911 | D:11     | Noticed a death yak
 12064 | D:11     | You fall into a shaft and drop 1 floor!
 12103 | D:12     | Noticed a two-headed ogre
 12145 | D:12     | Killed a two-headed ogre
 12145 | D:12     | Reached skill level 8 in Spellcasting
 12145 | D:12     | Reached skill level 5 in Air Magic
 12145 | D:12     | Reached XP level 11. HP: 65/65 MP: 3/23
 12615 | D:12     | Reached skill level 1 in Throwing
 12722 | D:12     | Noticed a centaur warrior
 12724 | D:12     | Found a runed translucent gate.
 12724 | D:12     | Found a runed translucent gate.
 12724 | D:12     | Found a runed translucent gate.
 12725 | D:12     | Noticed Snorg
 12730 | D:12     | Noticed an ice dragon
 12738 | D:12     | Killed a centaur warrior
 12745 | D:12     | Offered knowledge of Static Discharge by Vehumet.
 12750 | D:12     | Learned a level 3 spell: Static Discharge
 12753 | D:12     | Noticed a tengu reaver
 12768 | D:12     | Noticed a two-headed ogre
 12769 | D:12     | Noticed a two-headed ogre
 12778 | D:12     | Killed a two-headed ogre
 12790 | D:12     | Killed a two-headed ogre
 12790 | D:12     | Reached skill level 5 in Fire Magic
 12957 | D:12     | Noticed Erolcha
 12977 | D:11     | Reached skill level 9 in Spellcasting
 13159 | D:11     | Killed a death yak
 13234 | D:11     | Noticed a cyclops
 13250 | D:11     | Killed a cyclops
 13250 | D:11     | Reached XP level 12. HP: 31/72 MP: 13/25
 13283 | D:11     | Reached *** piety under Vehumet
 13314 | D:11     | Learned a level 5 spell: Fireball
 13399 | D:11     | Noticed a boulder beetle
 13430 | D:11     | Killed a boulder beetle
 13814 | Lair:1   | Entered Level 1 of the Lair of Beasts
 13978 | Lair:1   | Noticed a six-headed hydra
 13987 | Lair:1   | Killed a six-headed hydra
 13987 | Lair:1   | Reached skill level 5 in Earth Magic
 13987 | Lair:1   | Reached skill level 1 in Evocations
 14047 | Lair:1   | Noticed a five-headed hydra
 14054 | Lair:1   | Killed a five-headed hydra
 14054 | Lair:1   | Reached skill level 10 in Stealth
 14245 | Lair:1   | Noticed a seven-headed hydra
 14396 | D:11     | Gained mutation: You are frail. (-10% HP) [potion of
                  | mutation]
 14396 | D:11     | Gained mutation: You evolve. [potion of mutation]
 14396 | D:11     | Lost mutation: You evolve. [potion of mutation]
 14396 | D:11     | Gained mutation: You are partially covered in iridescent
                  | scales. (AC +2) [potion of mutation]
 14460 | Lair:1   | Upgraded the game from 0.26-a0-667-g92642533e4 to
                  | 0.26-a0-670-g578ab304f5
 14763 | Lair:1   | Killed a seven-headed hydra
 14930 | Lair:2   | Noticed Erica
 14959 | Lair:2   | Killed Erica
 15195 | Lair:2   | Noticed Sonja
 15245 | Lair:2   | Offered knowledge of Ignite Poison by Vehumet.
 15255 | Lair:2   | Reached skill level 10 in Spellcasting
 15274 | Lair:2   | Noticed a six-headed hydra
 15534 | Lair:2   | Noticed a catoblepas
 15540 | Lair:2   | Reached XP level 13. HP: 50/71 MP: 17/27
 15540 | Lair:2   | Reached **** piety under Vehumet
 15547 | Lair:2   | Offered knowledge of Dazzling Flash by Vehumet.
 15585 | Lair:2   | Learned a level 3 spell: Stone Arrow
 15594 | Lair:2   | Learned a level 5 spell: Lee's Rapid Deconstruction
 16366 | Lair:2   | Killed Sonja
 16366 | Lair:2   | Reached skill level 11 in Spellcasting
 16770 | Lair:3   | Found a hole to the Spider Nest.
 17325 | Lair:4   | Noticed Nessos
 17341 | Lair:4   | Killed Nessos
 17476 | Lair:4   | Noticed an entropy weaver
 17496 | Lair:4   | Killed an entropy weaver
 17542 | Lair:4   | Reached ***** piety under Vehumet
 17542 | Lair:4   | Offered knowledge of Lightning Bolt by Vehumet.
 17549 | Lair:4   | Noticed an entropy weaver
 17561 | Lair:4   | Killed an entropy weaver
 17738 | Lair:4   | Reached skill level 5 in Fighting
 18029 | Lair:4   | Noticed Rupert
 18065 | Lair:4   | Killed Rupert
 18065 | Lair:4   | Reached skill level 12 in Spellcasting
 18065 | Lair:4   | Reached XP level 14. HP: 79/79 MP: 7/30
 18229 | Lair:4   | Got a dazzling hand axe
 18230 | Lair:4   | Identified the +4 hand axe of Impatience {flame, rF+} (You
                  | found it on level 4 of the Lair of Beasts)
 18400 | Lair:4   | Found a staircase to the Swamp.
 19650 | Lair:5   | Learned a level 5 spell: Lightning Bolt
 20081 | Lair:6   | Entered Level 6 of the Lair of Beasts
 20261 | Lair:6   | Reached skill level 10 in Conjurations
 20272 | Lair:6   | Reached skill level 5 in Poison Magic
 20290 | Lair:6   | Found a viscous altar of Jiyva.
 20303 | Lair:6   | HP: 1/79 [boulder beetle (38)]
 20480 | Lair:6   | Offered knowledge of Freezing Cloud by Vehumet.
 20563 | Lair:6   | Found a staircase to the Slime Pits.
 20957 | Lair:6   | Reached skill level 13 in Spellcasting
 21289 | Lair:6   | Reached XP level 15. HP: 84/84 MP: 32/32
 21724 | Lair:6   | Found a burning altar of Makhleb.
 21730 | Lair:6   | Found a gateway to Hell.
 21742 | Hell     | Entered the Vestibule of Hell
 21742 | Hell     | Noticed Geryon
 21746 | Hell     | Slain by Geryon

Illustrated notes

Levels and vault maps discovered:
D:1:      evilmike_arrival_plus, layout_basic
D:2:      layout_loops_ring, lemuel_crystal_altar,
          lemuel_coloured_pillars_altar, kennysheep_pointless_box
D:3:      layout_loops_ring
D:4:      layout_basic, kennysheep_little_box, minmay_misc_feat_more_columns
D:5:      layout_loops_ring, lemuel_zombie_altar_yredelemnul,
          nicolae_ossuary_entry_plus, serial_shops, nicolae_shop_statue_plus,
          uniq_crazy_yiuf_cottage, uniq_sigmund, uniq_edmund
D:6:      layout_basic, riverfiend_overflow_shadow_ancestor,
          nicolae_overflow_crystal_walls, minmay_temple_entry_nine_rooms,
          basic_altar, uniq_blork_the_orc, uniq_eustachio
D:7:      layout_basic, lemuel_round_altar, lemuel_crystal_altar
D:8:      layout_basic, lemuel_round_altar, serial_shops, shop
D:9:      layout_loops_ring, nicolae_overflow_hidden_temple, orc_0_dummy,
          supply_closet_lemuel, uniq_maurice
D:10:     layout_rooms
D:11:     layout_roguey, david_lair_generic
D:12:     kennysheep_treasure_stockpile, layout_irregular_city,
          statue_in_the_mist_lemuel, uniq_erolcha, uniq_gastronok, uniq_snorg
Temple:   compressed_dpeg_circular_temple
Lair:1:   layout_chaotic_city
Lair:2:   layout_cave_shapes, lemuel_fruit_tree, grunt_megastairs_3, uniq_sonja,
          uniq_erica
Lair:3:   layout_cave_shapes, nicolae_spider_entry_non_spiders,
          serial_bayou_shore_a
Lair:4:   layout_regular_city, nicolae_swamp_entry_splash_gauntlet,
          minmay_another_anthill, uniq_nessos, uniq_rupert
Lair:5:   layout_long_grid, grunt_megastairs_2
Lair:6:   evil_forest, layout_gridlike, slime_altar_1
Orc:1:    layout_diamond_mine, nicolae_orc_pool_cavern, uniq_josephine
Hell

Skill      XL: |  1  2  3  4  5  6  7  8  9 10 11 12 13 14 |
---------------+-------------------------------------------+-----
Stealth        | 3 4 5 6 7 8 10 | 10.0
Short Blades   | 1 2 3 4 5 6 7 8 |  8.2
Spellcasting   | 4 5 6 7 8 9 10 12 13 | 13.4
Conjurations   | 2 3 4 5 6 8 9 10 | 10.4
Fire Magic     | 1 2 3 4 5 6 7 9 |  9.2
Air Magic      | 1 2 4 5 |  5.0
Summonings     | 2 3 |  3.2
Poison Magic   | 1 2 3 4 5 |  5.3
Fighting       | 2 3 4 5 |  5.7
Dodging        | 3 4 |  4.5
Axes           | 1 2 |  2.2
Translocations | 2 3 |  3.3
Transmutations | 1 3 |  3.3
Earth Magic    | 3 4 5 6 |  6.8
Throwing       | 1 |  1.6
Evocations     | 1 |  1.0

Action                   |  1- 3 |  4- 6 |  7- 9 | 10-12 | 13-15 || total
-------------------------+-------+-------+-------+-------+-------++-------
Melee: Dagger            |    11 |       |   147 |    49 |       ||   207
       Constrict         |    10 |    19 |    34 |    38 |    71 ||   172
       Short sword       |    24 |    91 |       |       |       ||   115
       Tentacles         |     2 |    14 |    24 |    83 |   110 ||   233
       War axe           |       |       |    20 |       |       ||    20
       Quick blade       |       |       |       |   452 |   634 ||  1086
Throw: Dart              |       |       |     1 |     8 |     9 ||    18
 Cast: Magic Dart        |    23 |    77 |    62 |   100 |    86 ||   348
       Call Imp          |       |    18 |    23 |     7 |     1 ||    49
       Mephitic Cloud    |       |     2 |    20 |    74 |    85 ||   181
       Blink             |       |       |     6 |    13 |    25 ||    44
       Conjure Flame     |       |       |     1 |     5 |       ||     6
       Shock             |       |       |       |     2 |     1 ||     3
       Sticky Flame      |       |       |       |     2 |     6 ||     8
       Fireball          |       |       |       |     8 |    31 ||    39
       Petrify           |       |       |       |     7 |    31 ||    38
       Stone Arrow       |       |       |       |       |    22 ||    22
       Lee's Rapid Decon |       |       |       |       |     8 ||     8
       Lightning Bolt    |       |       |       |       |     5 ||     5
Evoke: Wand              |       |       |     6 |     7 |       ||    13
  Use: Scroll            |       |       |    11 |     7 |    10 ||    28
       Potion            |       |       |     2 |     8 |     4 ||    14
 Stab: Sleeping          |    11 |     6 |    11 |    11 |     3 ||    42
       Distracted        |       |     1 |       |     2 |     1 ||     4
       Confused          |       |       |    10 |    38 |    56 ||   104
       Petrified         |       |       |       |     3 |    36 ||    39
       Petrifying        |       |       |       |     1 |     3 ||     4
Armor: Skin              |     3 |     8 |    13 |    38 |    36 ||    98
Dodge: Dodged            |    24 |    74 |    94 |   249 |   241 ||   682

Table legend: (Time is in decaauts)
 A = Elapsed time spent in this place.
 B = Non-inter-level travel time spent in this place.
 C = Inter-level travel time spent in this place.
 D = Time resting spent in this place.
 E = Time spent auto-exploring this place.
 F = Levels seen in this place.
 G = Mean time per level.
                   A        B        C        D        E       F      G
               +--------+--------+--------+--------+--------+-----+--------+
         Total |  21038 |  20539 |    499 |   3539 |  10798 |  21 | 1001.8 |
       Dungeon |  13660 |  13271 |    389 |   1943 |   7671 |  12 | 1138.3 |
        Temple |     20 |     20 |      0 |      0 |      0 |   1 |   20.0 |
          Lair |   7284 |   7175 |    109 |   1596 |   3127 |   6 | 1214.0 |
  Orcish Mines |     69 |     69 |      0 |      0 |      0 |   1 |   69.0 |
          Hell |      3 |      3 |      0 |      0 |      0 |   1 |    3.0 |
               +--------+--------+--------+--------+--------+-----+--------+

Top non-repeatable levels by time:
     D:4: 1733 daAuts
  Lair:4: 1660 daAuts
     D:9: 1605 daAuts
     D:5: 1536 daAuts
     D:2: 1483 daAuts
  Lair:2: 1399 daAuts
  Lair:5: 1269 daAuts
  Lair:6: 1217 daAuts
     D:3: 1198 daAuts
     D:6: 1138 daAuts
     D:7: 1000 daAuts
  Lair:1: 959 daAuts
    D:11: 953 daAuts
    D:12: 850 daAuts
  Lair:3: 777 daAuts
